 Dungeon Crawl Stone Soup version 0.28-a0-535-g6f645e4c1d (webtiles) character file.

Game seed: 15562694608253187822

180 tilp the Magician (level 5, -2/21 HPs)
             Began as a Felid Hedge Wizard on Sept 26, 2021.
             Was an Initiate of Gozag.
             Killed by divine providence
             ... invoked by an orc priest
              (10 damage)
             ... on level 4 of the Dungeon.
             The game lasted 00:07:30 (5380 turns).

tilp the Magician (Felid Hedge Wizard)              Turns: 5380, Time: 00:07:31

Health: -2/21      AC:  1    Str:  6    XL:     5   Next: 33%
Magic:  6/12       EV: 17    Int: 16    God:    Gozag
Gold:   317        SH:  0    Dex: 16    Spells: 6/12 levels left
                                        Lives:  0   Deaths: 1

rFire   . . .      SeeInvis +   (weapon unavailable)
rCold   . . .      Faith    .   (shield unavailable)
rNeg    . . .      Spirit   .   (armour unavailable)
rPois   .          Reflect  .   (helmet unavailable)
rElec   .          Harm     .   (cloak unavailable)
rCorr   .          Rampage  .   (gloves unavailable)
Will    .....                   (boots unavailable)
Stlth   ++........              (no amulet)
HPRegen 0.07/turn               (no ring)
MPRegen 0.13/turn               (no ring)

@: very slightly contaminated, quick
A: very small, claws 1, fangs 3, see invisible, speed 1, shaggy fur 1, stealthy
paws, no weapons or thrown items, no armour, multi-lived
a: Renounce Religion, Potion Petition, Call Merchant, Bribe Branch


You were on level 4 of the Dungeon.
You worshipped Gozag.
Gozag was aware of your devotion.
You visited 1 branch of the dungeon, and saw 4 of its levels.

You collected 338 gold pieces.
You paid 21 gold pieces to Gozag.

Inventory:

Scrolls
 a - 2 scrolls of magic mapping
Potions
 c - 4 potions of curing
 d - a potion of lignification


   Skills:
 + Level 0.3 Fighting
 + Level 2.8 Dodging
 + Level 2.9 Stealth
 + Level 0.3 Unarmed Combat
 - Level 4.0 Spellcasting
 - Level 4.0 Conjurations
 - Level 1.0 Summonings
 - Level 2.0 Translocations
 - Level 1.0 Transmutations
 - Level 1.0 Poison Magic


You had 6 spell levels left.
You knew the following spells:

 Your Spells              Type           Power      Damage    Failure   Level
a - Magic Dart            Conj           64%        1d6       3%          1
b - Call Imp              Summ           6%         N/A       17%         2
c - Blink                 Tloc           N/A        N/A       11%         2
d - Sting                 Tmut/Pois      24%        1d4       11%         1

Your spell library contained the following spells:

 Spells                   Type           Power      Damage    Failure   Level
 Beastly Appendage        Tmut           12%        N/A       11%         1
 Conjure Flame            Conj/Fire      9%         6-21      22%         3
 Slow                     Hex            3%         N/A       26%         2
 Mephitic Cloud           Conj/Pois/Air  8%         N/A       26%         3
 Spider Form              Tmut/Pois      3%         N/A       32%         3
 Storm Form               Tmut/Air       2%         N/A       100%        7


Dungeon Overview and Level Annotations

Branches:
Dungeon (4/15)
 Temple: D:4-7

Altars:
Cheibriados
Gozag
Hepliaklqana

Annotations:
D:3 2 transporters, bmj180's ghost, amateur HOFi


Innate Abilities, Weirdness & Mutations

You have sharp claws.
You have razor-sharp teeth.
You have supernaturally acute eyesight. (SInv)
You cover ground quickly. (Speed+)
You are covered in fur. (AC +1)
Your paws help you pounce on unaware monsters.
You are incapable of wielding weapons or throwing items.
You cannot wear armour.
You gain extra lives every three experience levels.


Message History

Press: ? - help, Shift-Dir - straight line, f/p - orc priest
Aim: an orc priest, wielding a +0 mace and wearing a +0 leather armour (100% to hit)
The magic dart hits the orc priest.
The orc priest is moderately wounded.
Unknown command.
Casting: Magic Dart (safe; 3% risk of failure)
Confirm with . or Enter, or press ? or * to list all spells.
You can't see any susceptible monsters within range! (Use Z to cast anyway.) Unknown command.
Unknown command.
Casting: Magic Dart (safe; 3% risk of failure)
Confirm with . or Enter, or press ? or * to list all spells.
Aiming: Magic Dart (safe; 3% risk of failure)
Press: ? - help, Shift-Dir - straight line, f/p - orc priest
Aim: an orc priest, wielding a +0 mace and wearing a +0 leather armour (moderately wounded, 100% to hit)
The magic dart hits the orc priest.
The orc priest is heavily wounded.
Unknown command.
Casting: Magic Dart (safe; 3% risk of failure)
Confirm with . or Enter, or press ? or * to list all spells.
Aiming: Sting (safe; 11% risk of failure)
Press: ? - help, Shift-Dir - straight line, f/p - orc priest
Aim: an orc priest, wielding a +0 mace and wearing a +0 leather armour (heavily wounded, 68% to hit)
The sting misses the orc priest.
The orc priest calls down the wrath of Beogh upon you.
Beogh smites you!
Ouch! That really hurt!
* * * LOW HITPOINT WARNING * * *
Casting: Sting (safe; 11% risk of failure)
Confirm with . or Enter, or press ? or * to list all spells.
Aiming: Sting (safe; 11% risk of failure)
Press: ? - help, Shift-Dir - straight line, f/p - orc priest
Aim: an orc priest, wielding a +0 mace and wearing a +0 leather armour (heavily wounded, 68% to hit)
You miscast Sting.
You are very lightly contaminated with residual magic.
Nothing appears to happen.
The orc priest invokes the aid of Beogh against you.
Beogh smites you!
You die...
Your body crumbles into a pile of gold.

#############
#...........#
#.#########.#
#)# #.# #.#
#@# #.# #.#
#.# #.# #.#
#o# #.# #.#
#.# #.# #.#
#.# ######.#
#.. .......#


You could see an orc priest.

Vanquished Creatures
  A hound (D:4)
  An orc priest (D:3)
  2 orc wizards (D:4)
  5 adders
  3 dart slugs
  6 orcs
  5 bats
  2 endoplasms
  3 giant cockroaches (D:1)
  11 goblins
  6 hobgoblins
  4 jackals (D:4)
  5 kobolds
  8 ball pythons
  6 frilled lizards
  5 rats
73 creatures vanquished.

Vanquished Creatures (collateral kills)
  A worm (D:2)
1 creature vanquished.

Vanquished Creatures (others)
  17 plants
17 creatures vanquished.

Grand Total: 91 creatures vanquished

Notes
Turn   | Place    | Note
-------+----------+-------------------------------------------
     0 | D:1      | tilp the Felid Hedge Wizard began the quest for the Orb.
     0 | D:1      | Reached XP level 1. HP: 7/7 MP: 5/5
    36 | D:1      | Reached skill level 1 in Conjurations
   578 | D:1      | Reached XP level 2. HP: 11/11 MP: 2/7
   941 | D:1      | Got the Catalogue of Noxious Moulding
  1212 | D:1      | Learned a level 2 spell: Call Imp
  1215 | D:1      | Learned a level 2 spell: Blink
  1217 | D:1      | Learned a level 1 spell: Sting
  1410 | D:1      | Reached XP level 3. HP: 14/14 MP: 3/8
  1955 | D:2      | Found an opulent altar of Gozag.
  2610 | D:2      | Reached XP level 4. HP: 18/18 MP: 1/10
  3019 | D:2      | Became a worshipper of Gozag Ym Sagoz the Greedy
  3507 | D:3      | Found a transporter.
  3612 | D:3      | Noticed bmj180's ghost (amateur HOFi)
  3828 | D:3      | Found a hazy altar of Hepliaklqana.
  3923 | D:3      | Found a snail-covered altar of Cheibriados.
  3961 | D:3      | Found a transporter.
  4064 | D:3      | Slain by an orc priest
  4065 | D:3      | Reached XP level 3. HP: -3/14 MP: 3/9
  4151 | D:3      | Identified the +2 spear of Jaitun {venom, *Rage}
  4151 | D:3      | Identified the +3 ring mail of Pandemonium {Dex+4}
  4151 | D:3      | Identified the -1 buckler "Oqexokk" {rN+ SInv}
  4151 | D:3      | Noticed a gnoll sergeant
  4254 | D:3      | Reached XP level 4. HP: 18/18 MP: 7/10
  4872 | D:4      | Reached skill level 1 in Transmutations
  4872 | D:4      | Reached skill level 1 in Poison Magic
  4872 | D:4      | Reached XP level 5. HP: 15/21 MP: 6/12
  5380 | D:4      | Killed from afar by an orc priest

Illustrated notes

Levels and vault maps discovered:
D:1:      nagdon_arrival_zigzag_paths, layout_basic
D:2:      layout_basic, basic_altar, kennysheep_boxes
D:3:      layout_loops_ring, old_standard_altar, mainiacjoe_overflow_chevrons,
          gammafunk_ghost_gnarly_gnolls, kennysheep_generic_room_8
D:4:      layout_basic, serial_glass, glass_columns_a, glass_columns_b,
          feat_on_display, minmay_strange_pillars

Skill      XL: |  1  2  3  4  5 |
---------------+----------------+-----
Conjurations   | 1 2 3 4 |  4.0
Spellcasting   | 4 |  4.0
Transmutations | 1 |  1.0
Poison Magic   | 1 |  1.0
Translocations | 2 |  2.0
Fighting       | |  0.3
Dodging        | |  2.8
Stealth        | |  2.9
Unarmed Combat | |  0.3
Summonings     | |  1.0

Action                   |  1- 3 |  4- 6 || total
-------------------------+-------+-------++-------
Melee: Unarmed           |    17 |     9 ||    26
       Bite              |     3 |       ||     3
 Cast: Magic Dart        |   111 |    90 ||   201
       Call Imp          |     3 |     1 ||     4
       Sting             |       |    13 ||    13
  Use: Scroll            |     2 |     4 ||     6
Armor: Skin              |       |     1 ||     1
Dodge: Dodged            |    17 |    31 ||    48

Table legend: (Time is in decaauts)
 A = Elapsed time spent in this place.
 B = Non-inter-level travel time spent in this place.
 C = Inter-level travel time spent in this place.
 D = Time resting spent in this place.
 E = Time spent auto-exploring this place.
 F = Levels seen in this place.
 G = Mean time per level.
                   A        B        C        D        E       F      G
               +--------+--------+--------+--------+--------+-----+--------+
         Total |   4870 |   4681 |    189 |   1255 |   2829 |   4 | 1217.5 |
       Dungeon |   4870 |   4681 |    189 |   1255 |   2829 |   4 | 1217.5 |
               +--------+--------+--------+--------+--------+-----+--------+

Top non-repeatable levels by time:
     D:1: 1847 daAuts
     D:2: 1154 daAuts
     D:3: 1023 daAuts
     D:4: 844 daAuts
